 Dungeon Crawl Stone Soup version 0.20.1-1-g8b1a95d (console) character file.

145 hilaritas the Chopper (level 5, -4/70 HPs)
             Began as a Hill Orc Berserker on Feb 11, 2018.
             Was a Believer of Trog.
             Slain by a gnoll
             ... wielding a +0 spear
              (11 damage)
             ... on level 3 of the Dungeon.
             The game lasted 00:05:30 (2515 turns).

hilaritas the Chopper (Hill Orc Berserker)          Turns: 2515, Time: 00:05:31

Health: -4/70      AC:  6    Str: 26    XL:     5   Next: 27%
Magic:  5/5        EV: 11    Int:  7    God:    Trog [**....]
Gold:   141        SH:  0    Dex: 10    Spells: 4/4 levels left

rFire    + . .     SeeInvis .   a - +0 hand axe
rCold    . . .     Gourm    .   (no shield)
rNeg     . . .     Faith    .   l - +3 leather armour {rF+}
rPois    +         Spirit   .   (no helmet)
rElec    .         Reflect  .   (no cloak)
rCorr    .         Harm     .   (no gloves)
MR       ++...                  (no boots)
Stlth    ..........             (no amulet)
Regen    1.3/turn               j - ring of poison resistance
MPRegen  0.1/turn               (no ring)

@: berserking, regenerating, very quick
A: no striking features
a: Berserk, Trog's Hand, Burn Spellbooks, Renounce Religion


You were on level 3 of the Dungeon.
You worshipped Trog.
Trog was pleased with you.
You were near starving.

You visited 1 branch of the dungeon, and saw 3 of its levels.

You collected 141 gold pieces.

Inventory:

Hand Weapons
 a - a +0 hand axe (weapon)
 e - a +0 club
Armour
 l - a +3 leather armour of fire resistance (worn)
Jewellery
 j - a ring of poison resistance (left hand)
Scrolls
 f - a scroll of remove curse
 q - a scroll of enchant armour
Potions
 b - a potion of mutation {unknown}
 d - 2 potions of heal wounds
 g - 3 potions of curing {unknown}
 i - a potion of might {unknown}
 k - a potion of brilliance {unknown}
 m - a potion of degeneration {unknown}
 n - a potion of lignification {unknown}
 p - a potion of agility {unknown}
 s - a potion of flight {unknown}
Comestibles
 c - 2 bread rations
 h - 3 royal jellies
 o - a meat ration
 r - 5 chunks of flesh


   Skills:
 + Level 4.4 Fighting
 * Level 7.1 Axes
 - Level 2.1 Armour
 - Level 1.5 Dodging


You had 4 spell levels left.
You didn't know any spells.

Dungeon Overview and Level Annotations

Branches:
Dungeon (3/15)

Altars:


Message History

You are feeling hungry.
The gnoll hits you but does no damage. The gnoll hits you with a spear.
* * * LOW HITPOINT WARNING * * *
A gnoll comes into view.
A red film seems to cover your vision as you go berserk!
You feel yourself moving faster!
You feel mighty!
You are near starving!
The gnoll closely misses you. The gnoll hits you with a spear.
* * * LOW HITPOINT WARNING * * *
You closely miss the gnoll.
The gnoll is severely wounded.
The gnoll hits you from afar with a spear.
* * * LOW HITPOINT WARNING * * *
The gnoll barely misses you.
You slice the gnoll!!
You kill the gnoll!
Trog accepts your kill.
You feel the effects of Trog's Hand fading.
The gnoll hits you with a spear!
You die...

..... ..... ... .g.
##.## # #... # #..##
##### #...# #....
########.#.# #....
#.?.†.@gg#.#### #....
#..########....#####....
#... ####....##.... #.#
####.##.... # #.##....
#.#####. #..# #. ##.#
##. ######.###..
........)....
#######..###.


You could see 2 gnolls.

Vanquished Creatures
  An orc wizard (D:3)
  3 gnolls (D:3)
  2 oozes (D:2)
  4 worms
  2 dart slugs
  3 leopard geckos
  5 orcs (D:3)
  A giant cockroach (D:2)
  7 goblins
  4 hobgoblins
  4 jackals (D:2)
  A quokka (D:3)
  6 bats
  3 frilled lizards
  7 kobolds
  4 rats (D:1)
57 creatures vanquished.

Notes
Turn   | Place    | Note
-------+----------+-------------------------------------------
     0 | D:1      | hilaritas the Hill Orc Berserker began the quest for the Orb.
     0 | D:1      | Reached XP level 1. HP: 19/19 MP: 1/1
   224 | D:1      | Reached XP level 2. HP: 11/27 MP: 2/2
  1197 | D:2      | Reached skill level 5 in Axes
  1327 | D:2      | Reached XP level 3. HP: 31/33 MP: 3/3
  1774 | D:2      | Reached ** piety under Trog
  1896 | D:2      | Found a faded altar of an unknown god.
  1903 | D:2      | Reached XP level 4. HP: 34/41 MP: 4/4
  2171 | D:3      | Reached skill level 6 in Axes
  2334 | D:3      | Reached XP level 5. HP: 40/47 MP: 5/5
  2468 | D:3      | Reached skill level 7 in Axes
  2512 | D:3      | HP: 7/70 [gnoll/spear (1)]
  2515 | D:3      | Slain by a gnoll

Skill      XL: |  1  2  3  4  5 |
---------------+----------------+-----
Fighting       | 4 |  4.4
Axes           | 5 6 7 |  7.1
Armour         | |  2.1
Dodging        | |  1.5

Action                   |  1- 3 |  4- 6 || total
-------------------------+-------+-------++-------
Melee: Hand axe          |   140 |    92 ||   232
Invok: Berserk           |       |     1 ||     1
       Trog's Hand       |       |     1 ||     1
  Use: Scroll            |     7 |     1 ||     8
  Eat: Chunk             |     3 |     2 ||     5
Armor: Ring mail         |     9 |       ||     9
       Animal skin       |     7 |       ||     7
       Leather armour    |    21 |    40 ||    61
Dodge: Dodged            |    89 |    73 ||   162
